 Dungeon Crawl Stone Soup version 0.29-a0-451-gfbfa42419e (webtiles) character file.

Game seed: 6563833775255992841

10181 jfcaron the Merchant of Misery (level 11, 0/83 HPs)
             Began as a Gnoll Necromancer on May 20, 2022.
             Was a Believer of Kikubaaqudgha.
             Slain by an entropy weaver simulacrum (20 damage)
             ... in an ice cave.
             The game lasted 00:42:00 (12747 turns).

jfcaron the Merchant of Misery (Gnoll Necromancer) Turns: 12747, Time: 00:42:01

Health: 0/83       AC: 17    Str:  8    XL:     11   Next: 58%
Magic:  32/32      EV: 14    Int: 18    God:    Kikubaaqudgha [**....]
Gold:   704        SH:  0    Dex: 13    Spells: 3/26 levels left

rFire   . . .      SeeInvis .   b - +0 falchion (holy)
rCold   . . .      Faith    .   (no shield)
rNeg    . . .      Spirit   .   u - +0 acid dragon scales
rPois   +          Reflect  .   i - +0 helmet
rElec   .          Harm     .   x - +1 cloak {rPois}
rCorr   +          Rampage  .   w - +1 pair of gloves
Will    .....                   (no boots)
Stlth   +++.......              (no amulet)
HPRegen 0.23/turn               t - +4 ring of protection
MPRegen 0.23/turn               F - ring of magical power

@: mighty
A: fangs 1, strong nose, distributed training
a: Renounce Religion, Unearth Wretches


You were in an ice cave.
You worshipped Kikubaaqudgha.
Kikubaaqudgha was pleased with you.
You visited 3 branches of the dungeon, and saw 12 of its levels.
You also visited: Ice Cave.

You collected 704 gold pieces.

Inventory:

Hand Weapons
 a - a +1 whip of flaming
 b - a +0 falchion of holy wrath (weapon)
 e - a +0 dagger
 f - a +0 broad axe
 r - a +0 rapier
 y - the +8 falchion of Kismet {vorpal, rF- Dex+4}
   (You took it off an orc priest on level 4 of the Dungeon)

   It inflicts extra damage upon your enemies.
   Dex:       It affects your dexterity (+4).
   rF:        It makes you vulnerable to fire.
 E - a +0 vorpal quarterstaff
 G - a +2 dire flail of freezing
 H - a +2 short sword of venom
 I - a +2 dagger of venom
 K - a +3 war axe
Missiles
 d - 256 stones
 v - 9 poisoned darts
 C - 4 silver javelins {!f}
Armour
 i - a +0 helmet (worn)
 p - a +1 robe of resistance
 u - +0 acid dragon scales (worn)
 w - a +1 pair of gloves (worn)
 x - a +1 cloak of poison resistance (worn)
 O - a +0 pair of boots of flying
Magical Staves
 L - a staff of cold
Jewellery
 t - a +4 ring of protection (left hand)
 F - a ring of magical power (right hand)
Wands
 l - a wand of paralysis (2)
Scrolls
 h - 2 scrolls of teleportation
 n - 2 scrolls of blinking
 o - a scroll of vulnerability {unknown}
 q - a scroll of enchant weapon
 s - 2 scrolls of poison
 z - a scroll of noise {unknown}
 D - a scroll of amnesia {unknown}
 J - a scroll of fear
 M - a scroll of torment {unknown}
 P - a scroll of enchant armour {unknown}
 Q - a scroll of summoning {unknown}
Potions
 c - a potion of resistance
 g - 4 potions of heal wounds
 j - a potion of brilliance
 k - 2 potions of curing
 m - a potion of lignification
 A - a potion of ambrosia
 N - a potion of cancellation {unknown}


   Skills:
 + Level 6.4 Fighting
 + Level 6.4 Short Blades
 + Level 6.4 Long Blades
 + Level 6.4 Axes
 + Level 6.4 Maces & Flails
 + Level 6.4 Polearms
 + Level 6.4 Staves
 + Level 6.4 Slings
 + Level 6.4 Bows
 + Level 6.4 Crossbows
 + Level 6.4 Throwing
 + Level 6.4 Armour
 + Level 8.0 Dodging
 + Level 7.7 Stealth
 + Level 6.4 Shields
 + Level 6.4 Unarmed Combat
 + Level 8.2 Spellcasting
 + Level 5.3 Conjurations
 + Level 5.3 Hexes
 + Level 5.3 Summonings
 + Level 9.0 Necromancy
 + Level 5.3 Translocations
 + Level 5.3 Transmutations
 + Level 5.3 Fire Magic
 + Level 5.3 Ice Magic
 + Level 5.3 Air Magic
 + Level 5.3 Earth Magic
 + Level 5.3 Poison Magic
 + Level 7.0 Invocations
 + Level 6.4 Evocations


You had 3 spell levels left.
You knew the following spells:

 Your Spells              Type           Power      Damage    Failure   Level
a - Necrotize             Necr           100%       1d9       1%          1
b - Vampiric Draining     Necr           39%        2d8       1%          3
c - Animate Dead          Necr           39%        N/A       3%          4
d - Agony                 Necr           39%        N/A       11%         5
e - Anguish               Hex/Necr       16%        N/A       8%          4
f - Mephitic Cloud        Conj/Pois/Air  26%        N/A       5%          3
g - Ignite Poison         Fire/Tmut/Pois 26%        N/A       5%          3

Your spell library contained the following spells:

 Spells                   Type           Power      Damage    Failure   Level
 Stone Arrow              Conj/Erth      52%        3d10      5%          3
 Blade Hands              Tmut           13%        N/A       43%         5
 Freezing Cloud           Conj/Ice/Air   13%        6-21      43%         5
 Conjure Ball Lightning   Conj/Air       13%        3x3d6     95%         6
 Orb of Destruction       Conj           13%        9d7       100%        7
 Discord                  Hex            13%        N/A       100%        8
 Disjunction              Tloc           13%        N/A       100%        8


Dungeon Overview and Level Annotations

Branches:
Dungeon (9/15)             Temple (1/1) D:6            Lair (2/6) D:9
    Orc (0/2) D:9           IceCv (1/1)
  Swamp: Lair:2-4    Shoals: Lair:2-4     Snake: Lair:2-4    Spider: Lair:2-4

Altars:
Ashenzari
Cheibriados
Dithmenos
Elyvilon
Fedhas
Gozag
Hepliaklqana
Kikubaaqudgha
Makhleb
Nemelex Xobeh
Qazlal
Ru
Sif Muna
Trog
Uskayaw
Vehumet
Wu Jian
Xom
Yredelemnul
Zin
The Shining One

Shops:
D:5 =


Innate Abilities, Weirdness & Mutations

You have very sharp teeth.
Your uncanny sense of smell can sniff out nearby items.
Your experience applies equally to all skills.


Message History

Kikubaaqudgha accepts your kill. The white imp closely misses you.
The white imp gestures at you.
The puff of frost hits you but does no damage.
You slash the white imp!
The white imp convulses.
You kill the white imp!
Kikubaaqudgha accepts your kill.
You barely miss the white imp.
You hear the steady crackling of a melting archway.
The white imp completely misses you.
You hit the white imp.
The white imp convulses!
You kill the white imp!
Kikubaaqudgha accepts your kill.
Kikubaaqudgha is now protecting you from necromantic miscasts and death curses.
Found a stone staircase leading down.
There is a frozen archway here.
The world spins around you as you enter the gateway.
You enter an ice cave!
Found an ice covered gate leading back out of this place.
There is an ice choked empty arch of ancient stone here.
A demonic crawler simulacrum comes into view.
Okay, then.
Unknown command.
Throw: 5 javelins (silver) {!f}
Press: ? - help, Shift-Dir - straight line, f - entropy weaver simulacrum
Aim: an entropy weaver simulacrum (71% to hit)
You throw a silver javelin {!f}.
The silver javelin {!f} pierces through the entropy weaver simulacrum.
The entropy weaver simulacrum is moderately damaged.
Unknown command.
You slash the entropy weaver simulacrum!
The entropy weaver simulacrum convulses.
The entropy weaver simulacrum is heavily damaged.
The entropy weaver simulacrum hits you.
The entropy weaver simulacrum freezes you!!
The entropy weaver simulacrum hits you!
* * * LOW HITPOINT WARNING * * *
The entropy weaver simulacrum freezes you!!
You die...
Kikubaaqudgha rasps: "You have failed me!
Welcome... death!"

#####
##.∩.##
#..∩..#
##.@.##
##Z##
#.# ...
.(Z.
#####Z
##


You could see a demonic crawler simulacrum (wandering) and an entropy weaver
simulacrum.

Vanquished Creatures
  2 two-headed ogres
  Pikel (D:8)
  A manticore (D:9)
  A rime drake (Lair:1)
  3 cane toads
  4 komodo dragons
  A queen bee (Lair:2)
  3 basilisks
  A steam dragon (D:8)
  2 wargs (D:9)
  A two-headed ogre zombie (D:9)
  4 water moccasins
  An acid dragon (D:9)
  An orc warrior (D:9)
  A sky beast (D:6)
  An ogre (D:4)
  3 black bears
  3 centaurs
  3 lemures (D:8)
  A kobold brigand (D:7)
  8 bullfrogs
  3 necrophages
  A gnoll sergeant (D:7)
  9 wights
  2 scorpions
  A warg zombie (D:9)
  17 killer bees
  3 howler monkeys
  8 crimson imps (D:7)
  2 jellies (D:5)
  10 orc priests
  A bullfrog zombie (Lair:1)
  5 hounds
  Crazy Yiuf (D:3)
  Jessica (D:2)
  Natasha (thrice) (D:2)
  2 iguanas
  4 orc wizards
  8 killer bee zombies
  Robin (D:3)
  5 gnolls (D:7)
  13 adders
  A steam dragon zombie (D:8)
  2 shadow imps
  13 white imps
  An ufetubus (D:5)
  2 adder zombies
  2 worms
  4 dart slugs
  40 orcs
  A bat zombie (D:3)
  9 endoplasms
  13 giant cockroaches
  17 goblins
  9 hobgoblins
  4 quokkas
  8 ball pythons
  7 bats
  2 frilled lizards (D:1)
  2 giant cockroach zombies (D:2)
  A gnoll zombie (D:7)
  5 goblin zombies (D:3)
  A hobgoblin zombie (D:3)
  A human zombie (D:2)
  15 kobolds
  10 orc zombies
  A quokka zombie (D:3)
  6 rats
  3 fungi
  8 plants
334 creatures vanquished.

Notes
Turn   | Place    | Note
-------+----------+-------------------------------------------
     0 | D:1      | jfcaron the Gnoll Necromancer began the quest for the Orb.
     0 | D:1      | Reached XP level 1. HP: 13/13 MP: 6/6
   171 | D:1      | Reached XP level 2. HP: 19/19 MP: 4/7
   576 | D:1      | Reached XP level 3. HP: 25/25 MP: 5/9
   580 | D:1      | Learned a level 3 spell: Vampiric Draining
   879 | D:2      | Noticed Natasha
   883 | D:2      | Killed Natasha
   884 | D:2      | Reached skill level 5 in Spellcasting
   884 | D:2      | Reached skill level 1 in Invocations
   921 | D:2      | Reached skill level 1 in Fighting
   921 | D:2      | Reached skill level 1 in Short Blades
   921 | D:2      | Reached skill level 1 in Long Blades
   921 | D:2      | Reached skill level 1 in Axes
   921 | D:2      | Reached skill level 1 in Maces & Flails
   921 | D:2      | Reached skill level 1 in Polearms
   921 | D:2      | Reached skill level 1 in Staves
   921 | D:2      | Reached skill level 1 in Slings
   921 | D:2      | Reached skill level 1 in Bows
   921 | D:2      | Reached skill level 1 in Crossbows
   921 | D:2      | Reached skill level 1 in Throwing
   921 | D:2      | Reached skill level 1 in Armour
   921 | D:2      | Reached skill level 1 in Shields
   921 | D:2      | Reached skill level 1 in Unarmed Combat
   921 | D:2      | Reached skill level 1 in Evocations
   921 | D:2      | Reached XP level 4. HP: 32/32 MP: 7/11
   931 | D:2      | Learned a level 4 spell: Animate Dead
   945 | D:2      | Noticed Natasha
   954 | D:2      | Killed Natasha
  1173 | D:2      | Reached skill level 1 in Conjurations
  1173 | D:2      | Reached skill level 1 in Hexes
  1173 | D:2      | Reached skill level 1 in Summonings
  1173 | D:2      | Reached skill level 1 in Translocations
  1173 | D:2      | Reached skill level 1 in Transmutations
  1173 | D:2      | Reached skill level 1 in Fire Magic
  1173 | D:2      | Reached skill level 1 in Ice Magic
  1173 | D:2      | Reached skill level 1 in Air Magic
  1173 | D:2      | Reached skill level 1 in Earth Magic
  1173 | D:2      | Reached skill level 1 in Poison Magic
  1240 | D:2      | Noticed Jessica
  1244 | D:2      | Killed Jessica
  1245 | D:2      | Reached XP level 5. HP: 27/37 MP: 6/12
  1247 | D:2      | Your ally Jessica died
  1456 | D:2      | Noticed Natasha
  1473 | D:2      | Killed Natasha
  1718 | D:2      | Found a glowing golden altar of the Shining One.
  1986 | D:3      | Found a faded altar of an unknown god.
  2069 | D:3      | Noticed Robin
  2125 | D:3      | Killed Robin
  2392 | D:3      | Reached XP level 6. HP: 44/44 MP: 10/13
  2614 | D:3      | Reached skill level 5 in Dodging
  2900 | D:3      | Found a radiant altar of Vehumet.
  2984 | D:3      | Found a runed translucent door.
  2985 | D:3      | Noticed Crazy Yiuf
  3151 | D:3      | Found an opulent altar of Gozag.
  3217 | D:3      | Killed Crazy Yiuf
  3362 | D:4      | You fall into a shaft and drop 1 floor!
  3362 | D:5      | Entered Level 5 of the Dungeon
  3407 | D:4      | HP: 4/44 [ogre/+0 giant spiked club (8)]
  3413 | D:4      | Reached XP level 7. HP: 12/51 MP: 2/15
  3685 | D:4      | Got the Reference Book on Moulding and Battle Magic
  3698 | D:4      | Found a basalt altar of Yredelemnul.
  3703 | D:4      | Found a glowing golden altar of the Shining One.
  3763 | D:4      | Identified the +8 falchion of Kismet {vorpal, rF- Dex+4}
  4257 | D:4      | Reached skill level 5 in Stealth
  4431 | D:4      | Noticed an angel
  4624 | D:5      | Reached XP level 8. HP: 57/57 MP: 16/16
  4706 | D:5      | Found Fererol's Jewellery Emporium.
  5222 | D:5      | Found a snail-covered altar of Cheibriados.
  5222 | D:5      | Found a blossoming altar of Fedhas.
  5826 | D:6      | Found a hide-covered altar of Uskayaw.
  5890 | D:6      | Found a staircase to the Ecumenical Temple.
  5900 | Temple   | Entered the Ecumenical Temple
  6592 | D:6      | Found a stormy altar of Qazlal.
  6607 | D:6      | Found a sparkling altar of Nemelex Xobeh.
  6928 | D:6      | Reached XP level 9. HP: 65/65 MP: 10/18
  7433 | D:7      | Reached skill level 8 in Necromancy
  7647 | D:7      | Found a white marble altar of Elyvilon.
  7651 | D:7      | Identified the +0 plate armour of Kyubomno {Harm Int+9}
  8466 | D:8      | Noticed a two-headed ogre
  8471 | D:8      | Killed a two-headed ogre
  8472 | D:8      | Reached skill level 5 in Invocations
  8820 | D:8      | Reached XP level 10. HP: 72/73 MP: 20/20
  8920 | D:8      | Found an ancient bone altar of Kikubaaqudgha.
  8928 | D:8      | Became a worshipper of Kikubaaqudgha
  9008 | D:8      | Reached skill level 5 in Fighting
  9008 | D:8      | Reached skill level 5 in Short Blades
  9008 | D:8      | Reached skill level 5 in Long Blades
  9008 | D:8      | Reached skill level 5 in Axes
  9008 | D:8      | Reached skill level 5 in Maces & Flails
  9008 | D:8      | Reached skill level 5 in Polearms
  9008 | D:8      | Reached skill level 5 in Staves
  9008 | D:8      | Reached skill level 5 in Slings
  9008 | D:8      | Reached skill level 5 in Bows
  9008 | D:8      | Reached skill level 5 in Crossbows
  9008 | D:8      | Reached skill level 5 in Throwing
  9008 | D:8      | Reached skill level 5 in Armour
  9008 | D:8      | Reached skill level 5 in Shields
  9008 | D:8      | Reached skill level 5 in Unarmed Combat
  9008 | D:8      | Reached skill level 5 in Evocations
  9246 | D:8      | Noticed Pikel
  9257 | D:8      | Killed Pikel
  9571 | D:8      | Learned a level 5 spell: Agony
  9638 | D:9      | Noticed a two-headed ogre
  9653 | D:9      | Killed a two-headed ogre
  9876 | D:9      | Noticed a manticore
 10201 | D:9      | HP: 13/74 [warg (9)]
 10528 | D:9      | Found a staircase to the Lair.
 10874 | D:9      | Found a staircase to the Orcish Mines.
 11018 | D:9      | Killed a manticore
 11079 | Lair:1   | Entered Level 1 of the Lair of Beasts
 11108 | Lair:1   | Reached XP level 11. HP: 49/81 MP: 22/22
 11110 | Lair:1   | Reached * piety under Kikubaaqudgha
 11110 | Lair:1   | Received a gift from Kikubaaqudgha
 11122 | Lair:1   | Learned a level 4 spell: Anguish
 11586 | Lair:1   | Learned a level 3 spell: Mephitic Cloud
 11590 | Lair:1   | Learned a level 3 spell: Ignite Poison
 11733 | Lair:1   | Reached skill level 5 in Conjurations
 11733 | Lair:1   | Reached skill level 5 in Hexes
 11733 | Lair:1   | Reached skill level 5 in Summonings
 11733 | Lair:1   | Reached skill level 5 in Translocations
 11733 | Lair:1   | Reached skill level 5 in Transmutations
 11733 | Lair:1   | Reached skill level 5 in Fire Magic
 11733 | Lair:1   | Reached skill level 5 in Ice Magic
 11733 | Lair:1   | Reached skill level 5 in Air Magic
 11733 | Lair:1   | Reached skill level 5 in Earth Magic
 11733 | Lair:1   | Reached skill level 5 in Poison Magic
 12559 | Lair:2   | Reached skill level 9 in Necromancy
 12706 | Lair:2   | Found a frozen archway.
 12737 | Lair:2   | Reached ** piety under Kikubaaqudgha
 12743 | IceCv    | Entered an ice cave
 12747 | IceCv    | Slain by an entropy weaver simulacrum

Illustrated notes

Levels and vault maps discovered:
D:1:      heliophobic_arrival_dark_side_of_the_moon, layout_basic
D:2:      layout_loops_ring, basic_altar, serial_glass, glass_columns_a,
          glass_columns_b, glass_columns_a, glass_columns_a, glass_columns_a,
          glass_columns_c, minmay_worlds_worst_comb, uniq_natasha, uniq_jessica
D:3:      layout_rooms, nicolae_vehumet_altar_sigil,
          mainiacjoe_overflow_alcove_2, hellmonk_ecumenical_altar_leap_of_faith,
          small_statue_intersection, minmay_pentangle, uniq_crazy_yiuf_cottage,
          uniq_robin
D:4:      layout_basic, grunt_temple_overflow_holy_war
D:5:      layout_basic, minitemple, serial_shops, shop, serial_bayou_pond_c
D:6:      layout_basic, overflow_temple_1_default,
          mainiacjoe_overflow_small_starburst,
          nemelex_xobeh_ov_fountains_minmay, minmay_temple_entry_stoned_glass
D:7:      layout_loops_ring, elyvilon_altar_3, serial_bayou_pond_a,
          minmay_nine_imps
D:8:      layout_loops_ring, nicolae_kikubaaqudgha_miasma_corner,
          hangedman_decor_lopped, uniq_pikel
D:9:      layout_loops_cross, erik_lair_orcish_takeover, orc_0_dummy,
          roderic_roman_lattice
Temple:   jpeg_temple_alley_garden
Lair:1:   layout_chaotic_city
Lair:2:   layout_loops_ring, elwin_shoals_entry_rooms,
          portal_ice_cave_entry_imps, special_room [special_room_bee],
          grunt_megastairs_2
IceCv:    ice_cave_hellmonk_azure_passage

Skill      XL: |  1  2  3  4  5  6  7  8  9 10 11 |
---------------+----------------------------------+-----
Spellcasting   | 5 6 7 8 |  8.2
Invocations    | 1 2 3 4 5 6 7 |  7.0
Fighting       | 1 2 3 4 5 6 |  6.4
Short Blades   | 1 2 3 4 5 6 |  6.4
Long Blades    | 1 2 3 4 5 6 |  6.4
Axes           | 1 2 3 4 5 6 |  6.4
Maces & Flails | 1 2 3 4 5 6 |  6.4
Polearms       | 1 2 3 4 5 6 |  6.4
Staves         | 1 2 3 4 5 6 |  6.4
Slings         | 1 2 3 4 5 6 |  6.4
Bows           | 1 2 3 4 5 6 |  6.4
Crossbows      | 1 2 3 4 5 6 |  6.4
Throwing       | 1 2 3 4 5 6 |  6.4
Armour         | 1 2 3 4 5 6 |  6.4
Shields        | 1 2 3 4 5 6 |  6.4
Unarmed Combat | 1 2 3 4 5 6 |  6.4
Evocations     | 1 2 3 4 5 6 |  6.4
Conjurations   | 1 2 3 4 5 |  5.3
Hexes          | 1 2 3 4 5 |  5.3
Summonings     | 1 2 3 4 5 |  5.3
Translocations | 1 2 3 4 5 |  5.3
Transmutations | 1 2 3 4 5 |  5.3
Fire Magic     | 1 2 3 4 5 |  5.3
Ice Magic      | 1 2 3 4 5 |  5.3
Air Magic      | 1 2 3 4 5 |  5.3
Earth Magic    | 1 2 3 4 5 |  5.3
Poison Magic   | 1 2 3 4 5 |  5.3
Dodging        | 5 6 7 8 |  8.0
Stealth        | 5 6 7 |  7.7
Necromancy     | 8 9 |  9.0

Action                   |  1- 3 |  4- 6 |  7- 9 | 10-12 || total
-------------------------+-------+-------+-------+-------++-------
Melee: Unarmed           |     1 |       |       |       ||     1
       Dagger            |     6 |    60 |       |    20 ||    86
       Bite              |     1 |     6 |    30 |    28 ||    65
       Punch             |       |     2 |     6 |     2 ||    10
       Hand axe          |       |     6 |   109 |       ||   115
       Falchion          |       |       |   101 |    65 ||   166
       Short sword       |       |       |    10 |   109 ||   119
       Quarterstaff      |       |       |     6 |     6 ||    12
       Dire flail        |       |       |       |    42 ||    42
       Staff             |       |       |       |     3 ||     3
Throw: Stone             |       |     1 |       |       ||     1
       Javelin           |       |     2 |    10 |     2 ||    14
       Dart              |       |       |       |     1 ||     1
 Cast: Necrotize         |    42 |   117 |   141 |    40 ||   340
       Animate Dead      |       |     8 |     7 |     9 ||    24
       Vampiric Draining |       |       |     1 |     9 ||    10
       Mephitic Cloud    |       |       |       |     2 ||     2
       Ignite Poison     |       |       |       |     2 ||     2
       Anguish           |       |       |       |     1 ||     1
Evoke: Wand              |       |       |     3 |     7 ||    10
  Use: Potion            |       |     2 |       |     5 ||     7
       Scroll            |       |     6 |       |     7 ||    13
 Stab: Sleeping          |     1 |     1 |     2 |     8 ||    12
       Distracted        |       |     1 |     2 |     4 ||     7
       Confused          |       |       |       |     2 ||     2
       Paralysed         |       |       |       |     2 ||     2
Armor: Robe              |     3 |    42 |    83 |    13 ||   141
       Acid dragon scale |       |       |       |    62 ||    62
       Skin              |       |       |       |    25 ||    25
Dodge: Dodged            |     5 |    92 |   240 |   184 ||   521

Table legend: (Time is in decaauts)
 A = Elapsed time spent in this place.
 B = Non-inter-level travel time spent in this place.
 C = Inter-level travel time spent in this place.
 D = Time resting spent in this place.
 E = Time spent auto-exploring this place.
 F = Levels seen in this place.
 G = Mean time per level.
                   A        B        C        D        E       F      G
               +--------+--------+--------+--------+--------+-----+--------+
         Total |  13581 |  12853 |    728 |   2387 |   8061 |  13 | 1044.7 |
       Dungeon |  11576 |  11053 |    523 |   2052 |   7107 |   9 | 1286.2 |
        Temple |    228 |    175 |     53 |      0 |    168 |   1 |  228.0 |
          Lair |   1772 |   1620 |    152 |    335 |    786 |   2 |  886.0 |
      Ice Cave |      4 |      4 |      0 |      0 |      0 |   1 |    4.0 |
               +--------+--------+--------+--------+--------+-----+--------+

Top non-repeatable levels by time:
     D:9: 1450 daAuts
     D:7: 1448 daAuts
     D:6: 1417 daAuts
     D:5: 1378 daAuts
     D:8: 1351 daAuts
     D:3: 1341 daAuts
  Lair:1: 1311 daAuts
     D:4: 1227 daAuts
     D:2: 1090 daAuts
     D:1: 871 daAuts
  Lair:2: 460 daAuts
  Temple: 228 daAuts
   IceCv: 4 daAuts
